Map: Hecate LE

Players

SubN - Winner!

  • Race: Zerg Zerg
  • League: Diamond
  • Spawn Location: 7:00

TreyDiesel

  • Race: Zerg Zerg
  • League: Diamond
  • Spawn Location: 1:00

VOD

Have the link to the VOD?

Description

Time

  • Played on: Nov. 18, 2023, 5:05 p.m.
  • Length: 11:01
Show
View Real Time Build Order
Export as new Build Order

SubN Zerg - Winner!

Build Orders: Hatch First 

Get SALT Encoding   

  12  0:00  Drone  
  13  0:12  Overlord  
  13  0:21  Drone  
  14  0:31  Drone x2  
  16  0:50  Hatchery  
  16  0:54  Drone  
  16  0:58  Drone  
  16  1:01  Drone  
  18  1:05  Extractor  
  16  1:20  Spawning Pool  
  15  1:32  Drone x3  
  18  1:44  Drone  
  19  1:55  Drone  
  20  2:05  Overlord  
  20  2:11  Roach Warren  
  20  2:14  Queen  
  21  2:25  Drone  
  21  2:27  Spine Crawler  
  21  2:37  Queen  
  21  2:39  Overlord  
  23  2:51  Roach  
  23  2:52  Roach  
  23  2:53  Roach  
  23  2:54  Roach  
  31  2:59  Roach  
  31  3:04  Roach  
  35  3:16  Roach  
  35  3:17  Roach  
  39  3:33  Roach x2  
  43  3:43  Overlord  
  43  4:14  Roach  
  43  4:15  Roach x3  
  51  4:20  Evolution Chamber  
  52  4:25  Overlord  
  52  4:28  Overlord x2  
  52  4:37  Lair  
  50  4:39  Queen  
  52  4:50  Drone x3  
  52  4:51  Drone  
  56  4:58  Zerg Missile Weapons Level 1  
  56  5:18  Drone x7  
  63  5:30  Overlord  
  63  5:34  Roach  
  63  5:35  Roach  
  67  5:46  Drone  
  67  5:47  Drone x2  
  67  5:48  Extractor  
  67  5:49  Drone x3  
  72  5:50  Drone  
  72  5:52  Drone  
  72  5:54  Drone  
  75  5:58  Glial Reconstitution  
  75  6:14  Drone  
  75  6:15  Overlord x2  
  75  6:16  Overlord  
  76  6:23  Roach x2  
  80  6:32  Roach  
  82  6:33  Roach  
  82  6:37  Roach x3  
  82  6:38  Roach  
  92  6:45  Roach x2  
  96  6:48  Overlord  
  96  6:49  Overlord  
  78  7:09  Roach x4  
  78  7:10  Roach  
  84  7:17  Zergling x4  
  84  7:18  Zergling x2  
  84  7:22  Roach  
  85  7:27  Zergling x8  
  89  7:32  Metabolic Boost  
  85  7:37  Roach  
  85  7:39  Zergling x2  
  85  7:44  Zergling x2  
  81  7:45  Roach  
  81  7:46  Roach  
  74  7:51  Roach  
  67  7:59  Drone  
  67  8:00  Drone x2  
  67  8:01  Drone, Extractor  
  66  8:08  Roach x3  
  65  8:23  Roach x2  
  68  8:35  Roach  
  68  8:36  Roach x5  
  68  8:39  Zergling x4  
  82  8:49  Hatchery  
  82  8:50  Hatchery  
  80  9:13  Roach x6  
  92  9:20  Roach  
  92  9:21  Roach  
  92  9:23  Zergling x8  
  100  9:34  Overlord  
  100  9:40  Ravager  
  100  9:42  Zergling x2  
  100  9:43  Zergling x10  
  109  9:52  Roach  
  109  9:57  Roach x2  
  113  10:00  Roach x4  
  113  10:01  Roach x2  
  124  10:14  Roach x6  
  117  10:25  Roach x2  
  117  10:26  Roach  
  113  10:33  Roach x3  
  114  10:41  Roach x3  
Show
View Real Time Build Order
Export as new Build Order

TreyDiesel Zerg 

Build Orders: 1 Base Baneling Bust, Pool First, Zergling Baneling 

Get SALT Encoding   

  12  0:08  Overlord  
  12  0:14  Drone  
  12  0:18  Extractor  
  12  0:19  Drone  
  13  0:30  Drone  
  14  0:37  Drone  
  15  0:47  Spawning Pool  
  14  0:50  Drone  
  15  0:59  Drone  
  16  1:22  Drone  
  16  1:23  Drone  
  16  1:25  Drone  
  19  1:35  Queen  
  21  1:42  Metabolic Boost  
  21  1:50  Overlord  
  21  1:54  Drone  
  22  2:01  Baneling Nest  
  22  2:03  Drone  
  22  2:09  Zergling x2  
  23  2:20  Zergling x2  
  24  2:32  Hatchery  
  24  2:37  Zergling x2  
  24  2:44  Zergling x6  
  24  2:47  Zergling x2  
  28  2:52  Zergling x2  
  28  2:56  Baneling x2  
  29  2:59  Baneling x2  
  29  3:05  Zergling x2  
  30  3:14  Baneling x2  
  30  3:15  Overlord  
  30  3:19  Baneling  
  30  3:20  Baneling  
  30  3:22  Overlord  
  29  3:36  Zergling x6  
  26  4:00  Zergling x8  
  28  4:05  Drone  
  28  4:07  Queen  
  31  4:12  Roach Warren  
  31  4:16  Drone x2  
  32  4:21  Drone  
  33  4:28  Drone  
  34  4:33  Drone  
  35  4:40  Drone  
  35  4:49  Drone x4, Overlord  
  39  4:59  Overlord x2  
  39  5:07  Extractor  
  39  5:13  Roach x4  
  44  5:15  Roach  
  46  5:25  Roach x2  
  46  5:27  Queen  
  52  5:37  Roach x3  
  58  5:43  Spine Crawler  
  58  5:48  Roach x2  
  61  5:52  Roach  
  61  5:54  Roach  
  67  5:57  Roach  
  67  6:00  Roach  
  69  6:06  Zergling x2, Overlord  
  70  6:13  Roach  
  70  6:14  Zergling x4  
  70  6:16  Zergling x2  
  75  6:22  Overlord  
  75  6:28  Zergling x2, Roach  
  75  6:29  Zergling x4  
  80  6:33  Baneling  
  80  6:36  Zergling x4  
  82  6:42  Roach  
  82  6:43  Zergling x4  
  86  6:50  Roach  
  78  7:03  Roach x2  
  78  7:04  Zergling x8  
  83  7:13  Roach x2  
  87  7:19  Roach  
  87  7:20  Zergling x4  
  91  7:34  Roach  
  91  7:35  Zergling x2  
  91  7:36  Zergling x4  
  89  7:43  Roach x3  
  60  8:01  Zergling x2  
  60  8:02  Zergling x2, Roach x3  
  60  8:12  Roach x2  
  53  8:26  Roach x2  
  55  8:36  Roach x2  
  59  8:43  Roach x2  
  59  8:47  Queen  
  65  8:53  Zergling x2  
  65  8:54  Roach  
  67  9:01  Roach x3  
  73  9:03  Roach  
  73  9:06  Roach  
  73  9:08  Drone  
  73  9:09  Drone x2  
  80  9:15  Baneling x2  
  81  9:17  Drone x2  
  81  9:21  Extractor  
  81  9:28  Drone x2  
  81  9:31  Drone  
  84  9:33  Overlord, Roach x3  
  90  9:44  Overlord x2  
  90  9:55  Roach x3  
  90  9:57  Roach  
  98  10:05  Roach x3  
  78  10:21  Roach x4  
  78  10:22  Roach  
  70  10:29  Roach x2  
  70  10:30  Zergling x2  
  55  10:39  Roach x2  
Tags
 
Add a new tag
Caveats
  • Supply blocks, unpowered buildings, or Contaminate may cause inaccurate times.
  • Supply counts are checked every 10 seconds.